 Dungeon Crawl Stone Soup version 0.20-a0-738-gb057e68 (webtiles) character file.

2694051 Manman the Ruinous (level 27, 272/272 HPs)
             Began as a Naga Venom Mage on Feb 21, 2017.
             Was the Champion of Vehumet.
             Escaped with the Orb
             ... and 5 runes on Feb 23, 2017!
             The game lasted 04:44:33 (93626 turns).

Manman the Ruinous (Naga Venom Mage)               Turns: 93626, Time: 04:44:34

Health: 272/272    AC: 27    Str: 15    XL:     27
Magic:  38/47      EV: 17    Int: 29    God:    Vehumet [******]
Gold:   2447       SH: 30    Dex: 15    Spells: 11/67 levels left

rFire    + + .     SeeInvis +   a - staff of fire
rCold    + . .     Gourm    .   r - +2 robe {Archmagi}
rNeg     + . .     Faith    .   t - +6 large shield
rPois    +         Spirit   .   V - -2 hat of the Alchemist {rElec rPois rF+ rC+ rN+ MR+ rMut rCorr}
rElec    +         Reflect  +   R - +2 cloak
rCorr    +         Harm     .   x - +0 pair of gloves {Str+3}
rMut     +         Rnd*Rage +   X - +0 naga barding
MR       +++++                  d - +5 amulet of reflection
Stlth    ++........             m - ring of the Mage {Wiz MR++ Int+3}
Regen    0.6/turn               z - +5 ring of protection
MPRegen  0.3/turn

@: deflect missiles, very slow
A: horns 1, stinger 1, see invisible, berserk 1, clever 1, deformed body, poison
resistance, slowness 2, slow metabolism 1, spit poison 1, constrict 1, AC +9
0: Orb of Zot
}: 5/15 runes: barnacled, slimy, silver, abyssal, gossamer
a: Spit Poison, Renounce Religion


You escaped.
You worshipped Vehumet.
Vehumet was exalted by your worship.
You were very full.

You visited 11 branches of the dungeon, and saw 55 of its levels.
You visited the Abyss 1 time.
You also visited: Sewer and Ice Cave.

You collected 8107 gold pieces.
You spent 5660 gold pieces at shops.

Inventory:

Hand Weapons
 b - a +9 demon trident of freezing
Missiles
 q - 13 throwing nets (quivered)
Armour
 r - a +2 robe of the Archmagi (worn)
 t - a +6 large shield (worn)
 x - a +0 pair of gloves of strength (worn)
 R - a +2 cloak (worn)
 V - the -2 hat of the Alchemist (worn) {rElec rPois rF+ rC+ rN+ MR+ rMut rCorr}
   (You found it on level 5 of the Vaults)

   It protects you from fire.
   It protects you from cold.
   It insulates you from electricity.
   It protects you from poison.
   It protects you from negative energy.
   It affects your resistance to hostile enchantments.
   It protects you from acid and corrosion.
   It protects you from mutation.
 X - a +0 naga barding (worn)
Magical Staves
 a - an uncursed staff of fire (weapon)
Jewellery
 d - a +5 amulet of reflection (around neck)
 e - a +4 ring of evasion
 m - the ring of the Mage (right hand) {Wiz MR++ Int+3}
   (You bought it in a shop on level 4 of the Vaults)

   [ring of wizardry]

   It improves your spell success rate.
   It affects your intelligence (+3).
   It affects your resistance to hostile enchantments.
 z - a +5 ring of protection (left hand)
Wands
 f - a wand of clouds (3/9)
 w - a wand of iceblast (12/15)
 B - a wand of paralysis (18/24)
 F - a wand of digging (4/24) {@v1}
 N - a wand of acid (8/15) {@v2}
 Y - a wand of acid (5/15) {@v2}
Scrolls
 i - 22 scrolls of remove curse {@r2}
 p - a scroll of silence
 G - 2 scrolls of blinking {@r4}
 K - 3 scrolls of recharging
 L - 7 scrolls of fog
 P - 2 scrolls of magic mapping
 Q - 10 scrolls of teleportation {@r3}
 S - 2 scrolls of fear
Potions
 g - 7 potions of ambrosia
 j - 18 potions of curing {@q1}
 l - a potion of resistance
 n - 11 potions of mutation
 o - 3 potions of invisibility
 s - 3 potions of brilliance {@q6}
 u - 4 potions of berserk rage
 v - 3 potions of haste {@q3}
 A - 7 potions of cancellation
 J - 8 potions of flight
 O - 13 potions of heal wounds {@q2}
 T - 9 potions of might {@q4}
 U - 5 potions of agility {@q5}
Miscellaneous
 y - 5 sacks of spiders
 D - a fan of gales
 I - a phial of floods
Comestibles
 c - a royal jelly
 h - 24 meat rations {@e2}
 C - 3 fruits
 M - 4 bread rations {@e1}


   Skills:
 + Level 20.8 Fighting
 - Level 12.6 Polearms
 - Level 11.8 Armour
 - Level 13.5 Dodging
 - Level 14.6 Stealth
 - Level 15.0 Shields
 - Level 20.6 Spellcasting
 + Level 21.2 Conjurations
 - Level 9.1 Charms
 - Level 9.6 Necromancy
 - Level 4.5 Translocations
 - Level 17.5 Fire Magic
 - Level 7.8 Air Magic
 - Level 11.1 Earth Magic
 - Level 13.1 Poison Magic
 - Level 4.3 Evocations


You had 11 spell levels left.
You knew the following spells:

 Your Spells              Type           Power        Failure   Level  Hunger
a - Magic Dart            Conj           ####         0%          1    None
b - Blink                 Tloc           N/A          1%          2    None
c - Sting                 Conj/Pois      ####         0%          1    None
d - Bolt of Fire          Conj/Fire      ########..   1%          6    None
e - Sublimation of Blood  Necr           #######...   1%          2    None
i - Ignition              Fire           ########..   1%          8    #####..
m - Deflect Missiles      Chrm/Air       #######...   3%          6    None
o - Ozocubu's Armour      Chrm/Ice       ######..     1%          3    None
p - Apportation           Tloc           ######       1%          1    None
q - Iron Shot             Conj/Erth      ########..   1%          6    None
r - Regeneration          Chrm/Necr      #######...   1%          3    None
s - Iskenderun's Battles  Conj/Chrm      ########     1%          5    None
w - Venom Bolt            Conj/Pois      ########..   1%          5    None
x - Orb of Destruction    Conj           ########..   1%          7    ###....


Dungeon Overview and Level Annotations

Branches:
Dungeon (15/15)            Temple (1/1) D:6            Lair (6/6) D:8
 Shoals (4/4) Lair:2       Spider (4/4) Lair:2        Slime (5/5) Lair:6
    Orc (2/2) D:10            Elf (3/3) Orc:2        Vaults (5/5) D:14
  Crypt (0/3) Vaults:2     Depths (5/5) D:15            Zot (5/5) Depths:5

Altars:
Ashenzari
Cheibriados
Dithmenos
Elyvilon
Fedhas
Gozag
Hepliaklqana
Kikubaaqudgha
Makhleb
Nemelex Xobeh
Okawaru
Qazlal
Ru
Sif Muna
Trog
Uskayaw
Vehumet
Wu Jian
Xom
Yredelemnul
Zin
The Shining One
Beogh

Shops:
D:5 *   D:11 (   Orc:1 *?(   Orc:2 *(=[   Elf:3 [   Shoals:2 (   Vaults:2 ((*!:
Vaults:3 ?%[*}   Vaults:4 ((*%}

Portals:
Hell: Depths:1 Depths:2 Depths:3 Depths:4 Depths:5
Abyss: Depths:4 Depths:5
Pandemonium: Depths:1 Depths:2 Depths:3 Depths:4 Depths:5
Ziggurat: Depths:1

Annotations:
Lair:2 exclusion: oklob plant
Lair:4 exclusion: downstairs
Lair:6 exclusion: oklob plant
Shoals:1 exclusion: downstairs
Slime:2 exclusion: shining eye
Zot:4 exclusion: 3 doors
Zot:5 exclusion: 2 upstairs


Innate Abilities, Weirdness & Mutations

You cannot wear boots.
Your serpentine skin is tough. (AC +9)
You have supernaturally acute eyesight. (SInv)
Armour fits poorly on your strangely shaped body.
Your system is resistant to poisons. (rPois)
You cover ground very slowly.
You have a slow metabolism.
You can spit poison.
You can use your snake-like lower body to constrict enemies.
You have a pair of small horns on your head.
Your tail ends in a poisonous barb.
You tend to lose your temper in combat.
Your mind is acute. (Int +2)


Message History

You feel a surge of power!
The iron shot hits the chaos spawn.
You kill the chaos spawn!
Vehumet accepts your kill.
You feel your power returning.
The chaos spawn degenerates into a cloud of primal chaos!
(D) Dungeon (T) Temple (L) Lair (A) Shoals (N) Spider Nest (M) Slime Pits (O) Orcish Mines (E) Elven Halls (V) Vaults (C) Crypt (U) Depths (H) Hell (Z) Zot
Where to? (Enter - D:1 @ (x,y), ? - help)
There is an open door here.
A rat comes into view.
The rat moves out of view.
Evoke which item? (* to show all) (? for menu, Esc to quit)
Aiming: Dig
Press: ? - help, Shift-Dir - straight line The rock shatters into small pieces.
This wand has 4 charges left.
Unknown command.
There is a staircase leading out of the dungeon here.
You have escaped!

.......#.#.##.#.########.........
.###.###.#...................#.#.
.###.#...#.##########.##.........
...#.#.###.#8.8## ##.###.....##.#
##.#.#.###......###.## #........#
.....#.##.......##.## #.....####
...###.##.......#.## #.....# #.
...# #...........## #.....###.
#..# #.##.......@# #...).....
...# #.###......8# #.........
#.## #.# #......## #......... #.#
#.# #......# #.>....... #.# #.#
#......# #..)...... #.# #.#
#.#8.8## ######.........
#.####.###.##### #..............
.........### #..............
.........# #........#####'


There were no monsters in sight!

Vanquished Creatures
  the Royal Jelly (Slime:5)
  9 orbs of fire
  5 ancient liches
  Mara (Elf:3)
  3 Killer Klowns (Zot:5)
  Bai Suzhen (Depths:2)
  Margery (Depths:3)
  A curse toe (Zot:4)
  2 caustic shrikes
  10 golden dragons
  Nikola (Spider:2)
  A pandemonium lord (D:11)
  A pearl dragon (Depths:4)
  2 electric golems (Zot:5)
  Jorgrun (Depths:5)
  A hellephant (Abyss:3)
  A Brimstone Fiend (D:1)
  9 tentacled monstrosities
  27 Orb Guardians
  7 liches
  3 titans (Vaults:5)
  2 deep elf blademasters (Elf:3)
  Polyphemus (Shoals:4)
  14 acid blobs
  5 quicksilver dragons
  3 deep elf master archers
  7 sphinxes
  4 death cobs
  A kraken (Shoals:3)
  9 shadow dragons
  Agnes (D:14)
  Donald (Vaults:4)
  Gastronok (Orc:1)
  10 draconian monks
  9 tengu reavers
  7 storm dragons
  Ilsuiw (Shoals:4)
  12 frost giants
  11 fire giants
  Aizul (Shoals:1)
  13 azure jellies
  3 daevas
  7 ghost moths
  8 emperor scorpions
  5 draconian knights
  17 vault wardens
  3 iron dragons
  3 orc warlords
  4 deep elf sorcerers
  A cacodemon (D:11)
  Louise (Spider:1)
  6 draconian shifters
  10 deep elf elementalists
  A spriggan defender (Depths:3)
  21 stone giants
  5 angels
  2 reapers
  7 draconian annihilators
  A war gargoyle (Vaults:5)
  The ghost of dyzzy the Brawler, a journeyman TrMo of Ieoh Jian (Lair:5)
  9 entropy weavers
  24 very ugly things
  19 ironheart preservers
  13 deep elf annihilators
  8 vampire knights
  7 black draconians
  7 green draconians
  10 purple draconians
  6 dire elephants (Abyss:3)
  A lorocyproca (Depths:5)
  7 deep elf demonologists
  8 red draconians
  25 spark wasps
  6 yellow draconians
  16 ettins
  8 white draconians
  11 death oozes
  A crystal guardian (Vaults:2)
  5 merfolk javelineers
  Josephine (D:13)
  Snorg (Orc:2)
  A green death (D:11)
  26 yaktaur captains
  7 deep elf death magi
  2 minotaurs (D:11)
  13 jiangshi
  14 fire dragons
  9 merfolk impalers
  7 deep elf high priests
  Erolcha (D:10)
  8 rakshasas
  21 great orbs of eyes
  2 hydras (shapeshifter)
  Harold (D:11)
  An ice dragon (shapeshifter) (Depths:1)
  8 hydras
  13 ice dragons
  4 alligator snapping turtles
  A monstrous demonspawn (Depths:5)
  An anaconda (shapeshifter) (Depths:3)
  11 centaur warriors
  2 spriggan air magi (Depths:5)
  38 vault guards
  A catoblepas (Shoals:4)
  25 ogre magi
  4 merfolk avatars
  A two-headed ogre (shapeshifter) (Depths:2)
  5 death knights
  70 two-headed ogres
  3 satyrs (Shoals:4)
  14 death yaks
  17 deep troll earth magi
  5 merfolk aquamancers
  9 tengu warriors
  An alligator (shapeshifter) (Depths:3)
  8 dancing weapons
  11 deep troll shamans
  9 vampire magi
  The ghost of Beargit the Frost Mage, a novice DgIE (Lair:1)
  4 orc high priests
  Urug (Orc:2)
  Nergalle (Lair:1)
  7 spriggan berserkers
  A sun demon (D:11)
  21 hell knights
  2 soul eaters
  Sonja (Lair:2)
  A spatial maelstrom (Abyss:3)
  17 deep elf knights
  5 iron trolls (Depths:2)
  22 sea snakes
  3 sixfirhies
  A salamander mystic (Depths:4)
  A fire crab (shapeshifter) (Vaults:3)
  2 skeletal warriors
  7 unseen horrors
  A gelid demonspawn (Depths:5)
  2 spark wasp zombies (Depths:3)
  6 cherubim (Depths:4)
  6 shadow wraiths
  A titan skeleton (Vaults:5)
  A swamp dragon (shapeshifter) (Vaults:5)
  3 death drakes (Depths:5)
  A swamp dragon (Lair:6)
  4 glowing orange brains
  42 deep trolls
  11 wizards
  5 flayed ghosts
  A phantasmal warrior (Vaults:4)
  17 deep elf archers
  3 lindwurms
  A tengu zombie (Vaults:3)
  A mana viper (shapeshifter) (Elf:1)
  15 orc knights
  47 deep elf magi
  A harpy (shapeshifter) (Vaults:1)
  23 harpies
  A shadow dragon zombie (Vaults:5)
  6 orc sorcerers
  15 ironbrand convokers
  2 orb spiders (shapeshifter)
  12 necromancers
  21 orb spiders
  63 ugly things
  6 shining eyes
  17 cyclopes
  40 wolf spiders
  9 manticores
  5 salamanders
  97 slime creatures
  11 fauns
  A cyclops (shapeshifter) (Vaults:5)
  4 elephants (Abyss:3)
  10 moths of wrath
  A black mamba (Lair:4)
  A water nymph (shapeshifter) (Vaults:4)
  An elephant (shapeshifter) (Depths:2)
  3 rust devils
  A guardian serpent (shapeshifter) (Vaults:5)
  5 ice statues (IceCv)
  An orange demon (D:10)
  2 eyes of devastation
  A torpor snail (shapeshifter) (Vaults:5)
  21 vault sentinels
  6 spiny frogs
  8 water nymphs
  7 torpor snails
  15 merfolk sirens
  4 smoke demons
  10 freezing wraiths
  11 komodo dragons
  4 efreet
  7 rime drakes
  A kobold demonologist (Abyss:3)
  A gargoyle (D:14)
  2 komodo dragons (shapeshifter)
  99 yaktaurs
  2 hellwings
  28 demonic crawlers
  5 tengu conjurers
  3 small abominations
  3 anaconda simulacra (IceCv)
  A golden dragon simulacrum (IceCv)
  A red devil (Depths:1)
  A tengu simulacrum (Vaults:3)
  A queen bee (shapeshifter) (Vaults:3)
  2 polar bears (shapeshifter)
  11 wind drakes
  3 meliai (D:15)
  A meliai (shapeshifter) (Vaults:3)
  2 polar bears (Lair:3)
  10 trolls
  24 jumping spiders
  30 merfolk
  Grinder (D:4)
  21 dream sheep
  21 blink frogs
  8 hippogriffs
  33 hornets
  Prince Ribbit (Lair:2)
  4 tyrant leeches (Lair:6)
  A stone giant simulacrum (Vaults:5)
  14 snapping turtles
  2 dream sheep (shapeshifter)
  A snapping turtle (shapeshifter) (Vaults:5)
  A spriggan (shapeshifter) (Depths:1)
  8 air elementals
  67 redbacks
  12 water elementals
  32 tarantellas
  A vampire (D:13)
  A shadow (D:14)
  A dire elephant simulacrum (IceCv)
  3 ynoxinuls
  6 spriggans
  A wyvern (shapeshifter) (Vaults:4)
  3 wyverns
  16 fire elementals
  A basilisk (shapeshifter) (Elf:3)
  28 yaks
  8 wraiths
  5 basilisks
  A golden eye (shapeshifter) (Depths:2)
  11 golden eyes
  A human simulacrum (Vaults:3)
  A neqoxec (Abyss:1)
  7 vampire mosquitoes
  2 chaos spawn
  A hungry ghost (D:12)
  A human (shapeshifter) (Depths:3)
  2 spatial vortices (Abyss:3)
  2 large abominations (Abyss:1)
  4 acid dragons
  2 harpy simulacra (IceCv)
  5 wargs
  15 water moccasins
  2 hydra simulacra (IceCv)
  5 hell hounds (Abyss:1)
  4 floating eyes
  8 swamp drakes
  2 black bears
  50 orc warriors
  Purgy (Sewer)
  18 porcupines
  4 sky beasts
  A black bear (shapeshifter) (Vaults:3)
  8 ice beasts
  2 phantoms
  7 boggarts (Depths:2)
  7 eyes of draining
  66 ogres
  An eye of draining (shapeshifter) (Vaults:1)
  19 wolves
  15 centaurs
  An elf simulacrum (Vaults:5)
  A crocodile (shapeshifter) (Depths:5)
  9 crocodiles
  2 big kobolds
  A gnoll sergeant (D:7)
  A human zombie (Vaults:3)
  26 bullfrogs
  2 human skeletons
  2 wyvern zombies
  4 earth elementals
  A wyvern skeleton (D:14)
  3 scorpions
  A water moccasin skeleton (D:5)
  8 wights
  2 howler monkeys
  4 electric eels
  13 crimson imps
  A bullfrog zombie (D:13)
  6 centaur zombies
  4 quasits
  7 jellies
  6 centaur skeletons
  28 orc priests
  7 hounds
  An iron imp (Zot:5)
  30 orc wizards
  Crazy Yiuf (D:3)
  A bullfrog skeleton (D:5)
  12 iguanas
  Natasha (thrice) (D:4)
  12 worker ants
  2 hound skeletons
  A howler monkey zombie (D:11)
  A worker ant zombie (D:9)
  24 gnolls
  2 river rats (D:4)
  8 adders
  6 shadow imps
  A white imp (Depths:5)
  An ufetubus (Depths:4)
  4 oozes
  An adder zombie (D:8)
  9 worms
  4 dart slugs
  7 leopard geckos
  101 orcs
  5 giant cockroaches
  9 goblins
  11 hobgoblins
  22 jackals
  7 quokkas
  3 ball pythons
  4 bats
  7 frilled lizards
  A jackal zombie (D:8)
  21 kobolds
  A leopard gecko skeleton (D:4)
  3 quokka skeletons
  A quokka zombie (D:6)
  6 rats
  A bush (D:14)
  A butterfly (Lair:1)
  A fungus (D:3)
  11 plants
  2 tentacles (Shoals:3)
2889 creatures vanquished.

Vanquished Creatures (collateral kills)
  A hellephant (Abyss:3)
  Asterion (Elf:1)
  2 wolf spiders (Spider:4)
  A redback (Spider:4)
  A tarantella (Spider:4)
6 creatures vanquished.

Vanquished Creatures (others)
  A stone giant (Depths:2)
  2 yaktaur captains
  A deep elf mage (Elf:1)
  A wolf spider (Spider:4)
  A cyclops (Shoals:1)
  3 yaktaurs
  A tarantella (Spider:3)
  A crocodile (D:13)
  A crimson imp (D:9)
  An iguana (D:13)
  6 bushes
  7 fungi
  37 plants
  2 tentacles (Shoals:3)
65 creatures vanquished.

Grand Total: 2960 creatures vanquished

Notes
Turn   | Place    | Note
-------+----------+-------------------------------------------
     0 | D:1      | Manman the Naga Venom Mage began the quest for the Orb.
     0 | D:1      | Reached XP level 1. HP: 15/15 MP: 3/3
   230 | D:1      | Reached XP level 2. HP: 17/22 MP: 0/5
   820 | D:1      | Reached skill level 2 in Conjurations
   849 | D:1      | Reached XP level 3. HP: 11/28 MP: 0/6
  1912 | D:2      | Reached skill level 5 in Poison Magic
  2359 | D:2      | Learned a level 2 spell: Poisonous Vapours
  2363 | D:2      | Learned a level 3 spell: Mephitic Cloud
  2403 | D:2      | Reached XP level 4. HP: 30/36 MP: 5/7
  2777 | D:2      | Reached skill level 3 in Conjurations
  3142 | D:3      | Found a faded altar of an unknown god.
  3142 | D:3      | Found a shimmering altar of Xom.
  3148 | D:3      | Found a basalt altar of Yredelemnul.
  3150 | D:3      | Found a deep blue altar of Sif Muna.
  3152 | D:3      | Found a faded altar of an unknown god.
  3157 | D:3      | Reached XP level 5. HP: 33/42 MP: 8/8
  4525 | D:3      | Found a runed door.
  4607 | D:4      | Reached XP level 6. HP: 49/49 MP: 6/10
  4609 | D:4      | Noticed Natasha
  4632 | D:4      | Killed Natasha
  4711 | D:4      | Reached skill level 4 in Conjurations
  4722 | D:4      | Noticed Grinder
  4761 | D:4      | Noticed Natasha
  4769 | D:4      | Killed Natasha
  4854 | D:4      | Found a glowing drain.
  4912 | Sewer    | Entered a sewer
  5123 | Sewer    | Noticed Purgy
  5132 | Sewer    | Killed Purgy
  5132 | Sewer    | Reached XP level 7. HP: 55/55 MP: 7/11
  5244 | D:4      | Noticed Natasha
  5580 | D:4      | Killed Natasha
  5599 | D:4      | Killed Grinder
  5599 | D:4      | Reached skill level 5 in Conjurations
  5780 | D:5      | Entered Level 5 of the Dungeon
  5859 | D:5      | Learned a level 4 spell: Olgreb's Toxic Radiance
  6061 | D:5      | Found an iron altar of Okawaru.
  6171 | D:5      | Reached XP level 8. HP: 62/62 MP: 4/13
  6299 | D:5      | HP: 2/62 [worm (11)]
  6910 | D:5      | Reached skill level 6 in Conjurations
  6925 | D:5      | Reached skill level 1 in Air Magic
  6939 | D:5      | HP: 3/62 [orc/trident (6)]
  8070 | D:6      | Found a staircase to the Ecumenical Temple.
  8202 | Temple   | Entered the Ecumenical Temple
  8349 | Temple   | Became a worshipper of Vehumet
  8372 | D:6      | Found a sacrificial altar of Ru.
  8596 | D:6      | Reached skill level 7 in Conjurations
  8596 | D:6      | Reached XP level 9. HP: 68/68 MP: 9/15
  8654 | D:6      | Reached skill level 10 in Poison Magic
  8856 | D:4      | Reached * piety under Vehumet
  8856 | D:4      | Offered knowledge of Sandblast by Vehumet.
  8870 | D:4      | Learned a level 5 spell: Venom Bolt
  8872 | D:4      | Learned a level 1 spell: Sandblast
  8928 | D:3      | Noticed Crazy Yiuf
  8936 | D:3      | Killed Crazy Yiuf
  9404 | D:6      | Reached skill level 1 in Earth Magic
  9667 | D:7      | Found an iron altar of Okawaru.
 10306 | D:7      | Reached skill level 5 in Spellcasting
 10773 | D:7      | Reached skill level 8 in Conjurations
 10786 | D:7      | Reached skill level 1 in Fighting
 11133 | D:8      | Found a staircase to the Lair.
 11401 | D:8      | Reached XP level 10. HP: 75/80 MP: 17/17
 11448 | D:8      | Reached ** piety under Vehumet
 11481 | D:8      | Offered knowledge of Flame Tongue by Vehumet.
 11957 | D:8      | Found an ornate altar of the Ieoh Jian Council.
 11957 | D:8      | Found a white marble altar of Elyvilon.
 11958 | D:8      | Found an ancient bone altar of Kikubaaqudgha.
 12228 | D:9      | Reached skill level 9 in Conjurations
 12729 | D:9      | Found a hide-covered altar of Uskayaw.
 12739 | D:9      | Found a stormy altar of Qazlal.
 12839 | D:9      | Offered knowledge of Throw Frost by Vehumet.
 12935 | D:10     | Entered Level 10 of the Dungeon
 12948 | D:10     | Noticed Erolcha
 12983 | D:10     | Killed Erolcha
 13406 | D:10     | Noticed a two-headed ogre
 13412 | D:10     | Killed a two-headed ogre
 13412 | D:10     | Reached XP level 11. HP: 72/92 MP: 2/20
 13444 | D:10     | Reached *** piety under Vehumet
 13473 | D:10     | Found a staircase to the Orcish Mines.
 13491 | D:10     | Learned a level 5 spell: Iskenderun's Battlesphere
 13562 | D:10     | Reached skill level 10 in Conjurations
 13771 | D:10     | Found a roughly hewn altar of Beogh.
 14048 | Lair:1   | Entered Level 1 of the Lair of Beasts
 14076 | Lair:1   | Offered knowledge of Inner Flame by Vehumet.
 14076 | Lair:1   | Reached skill level 1 in Charms
 14181 | Lair:1   | Noticed Nergalle
 14205 | Lair:1   | Killed Nergalle
 14552 | Lair:1   | Noticed Beargit's ghost (novice DgIE)
 14575 | Lair:1   | Killed Beargit's ghost
 14575 | Lair:1   | Reached skill level 5 in Fighting
 15414 | Lair:2   | Noticed Sonja
 15420 | Lair:2   | Killed Sonja
 15472 | Lair:2   | Noticed Prince Ribbit
 15479 | Lair:2   | Killed Prince Ribbit
 15480 | Lair:2   | Reached skill level 1 in Shields
 15480 | Lair:2   | Reached XP level 12. HP: 103/103 MP: 14/22
 15686 | Lair:2   | Found a hole to the Spider Nest.
 16053 | Lair:2   | Reached skill level 11 in Conjurations
 16155 | Lair:2   | Found a staircase to the Shoals.
 16497 | Lair:3   | Reached skill level 5 in Charms
 16503 | Lair:3   | Reached **** piety under Vehumet
 16691 | Lair:3   | Offered knowledge of Sticky Flame by Vehumet.
 16725 | Lair:3   | Learned a level 5 spell: Bolt of Magma
 17287 | Lair:3   | Noticed a four-headed hydra
 17294 | Lair:3   | Killed a four-headed hydra
 17294 | Lair:3   | Reached skill level 1 in Fire Magic
 17893 | Lair:4   | Noticed an eight-headed hydra
 17900 | Lair:4   | Killed an eight-headed hydra
 18155 | Lair:4   | Reached skill level 12 in Conjurations
 18155 | Lair:4   | Gained mutation: You can use your snake-like lower body to constrict enemies. [Naga growth]
 18155 | Lair:4   | Reached XP level 13. HP: 114/114 MP: 22/25
 18156 | Lair:4   | Reached skill level 5 in Earth Magic
 18156 | Lair:4   | Reached XP level 14. HP: 121/121 MP: 22/26
 18674 | Lair:5   | Noticed dyzzy's ghost (journeyman TrMo)
 19103 | Lair:5   | Reached skill level 5 in Dodging
 19697 | Lair:5   | Found a shimmering altar of Xom.
 20244 | Lair:5   | Killed dyzzy's ghost
 20244 | Lair:5   | Reached XP level 15. HP: 75/129 MP: 3/27
 20439 | Lair:5   | Found a shimmering altar of Xom.
 20661 | Lair:6   | Entered Level 6 of the Lair of Beasts
 20759 | Lair:6   | Reached skill level 13 in Conjurations
 21157 | Lair:6   | Found a runed door.
 21394 | Lair:6   | Learned a level 7 spell: Orb of Destruction
 21430 | Lair:6   | Reached skill level 1 in Armour
 22236 | Lair:6   | Reached ***** piety under Vehumet
 22417 | Lair:6   | Offered knowledge of Ozocubu's Refrigeration by Vehumet.
 22527 | Lair:6   | Learned a level 6 spell: Iron Shot
 22833 | Lair:6   | Found a staircase to the Slime Pits.
 23383 | Orc:1    | Entered Level 1 of the Orcish Mines
 23511 | Orc:1    | Found Laps's Weapon Shop.
 23537 | Orc:1    | Noticed Gastronok
 23542 | Orc:1    | Killed Gastronok
 23549 | Orc:1    | Found Tizxewn's General Store.
 23766 | Orc:1    | You fall through a shaft!
 23766 | Orc:2    | Entered Level 2 of the Orcish Mines
 23766 | Orc:2    | Noticed Snorg
 23782 | Orc:2    | Found a staircase to the Elven Halls.
 23798 | Orc:1    | Found Rumeawosh's Magic Scroll Boutique.
 23855 | Orc:1    | Bought a scroll of fog for 30 gold pieces
 23855 | Orc:1    | Bought a scroll of fog for 30 gold pieces
 23855 | Orc:1    | Bought a scroll of enchant armour for 112 gold pieces
 23855 | Orc:1    | Bought a scroll of teleportation for 45 gold pieces
 23855 | Orc:1    | Bought a scroll of enchant armour for 112 gold pieces
 24661 | Orc:2    | Reached skill level 14 in Conjurations
 24665 | Orc:2    | Offered knowledge of Irradiate by Vehumet.
 24768 | Orc:2    | Noticed Urug
 24772 | Orc:2    | Killed Snorg
 24902 | Orc:2    | Killed Urug
 24908 | Orc:2    | Found a roughly hewn altar of Beogh.
 24923 | Orc:2    | Noticed an orc warlord
 24973 | Orc:2    | Killed an orc warlord
 24973 | Orc:2    | Reached XP level 16. HP: 72/142 MP: 10/29
 25093 | Orc:2    | Found Tijuric's Jewellery Boutique.
 25121 | Orc:2    | Found Inuoh's General Store.
 25156 | Orc:2    | Found Riuputaf's Antique Armour Boutique.
 25234 | Orc:2    | Found Vocaemn's Antique Weapon Boutique.
 26170 | D:11     | Found Heetitt's Antique Weapon Shoppe.
 26308 | D:11     | Noticed Harold
 26322 | D:11     | Killed Harold
 26980 | D:11     | Offered knowledge of Bolt of Fire by Vehumet.
 26989 | D:11     | Learned a level 6 spell: Bolt of Fire
 27009 | D:11     | Got a fine silver amulet
 27051 | D:11     | Identified the amulet "Ureisuc" {Harm *Drain Dex+3 Slay+3} (You took it off a yaktaur on level 11 of the Dungeon)
 27445 | D:11     | Reached skill level 10 in Spellcasting
 27616 | D:11     | Identified the Catalogue of Weightlessness and Enhancements
 27671 | D:11     | Got a pair of slimy gloves
 27682 | D:11     | Identified the -3 pair of gloves of Somewhere Else {MR+ Regen+} (You found it on level 11 of the Dungeon)
 28794 | D:12     | Reached skill level 15 in Conjurations
 29344 | D:13     | Noticed Josephine
 29344 | D:13     | Offered knowledge of Yara's Violent Unravelling by Vehumet.
 29354 | D:13     | Killed Josephine
 29789 | D:14     | Found an ornate altar of the Ieoh Jian Council.
 29802 | D:14     | Reached skill level 1 in Evocations
 30049 | D:14     | Noticed Agnes
 30060 | D:14     | Killed Agnes
 30495 | D:14     | Found a gate to the Vaults.
 30987 | D:15     | Entered Level 15 of the Dungeon
 30987 | D:15     | Found an ancient bone altar of Kikubaaqudgha.
 31012 | D:15     | Learned a level 5 spell: Venom Bolt
 31056 | D:15     | Reached XP level 17. HP: 137/150 MP: 5/32
 31524 | D:15     | Got a dazzling leather armour
 31525 | D:15     | Identified the +1 leather armour of the Pit {rN+} (You found it on level 15 of the Dungeon)
 31995 | D:15     | Found a staircase to the Depths.
 32429 | Spider:1 | Entered Level 1 of the Spider Nest
 32470 | Spider:1 | Reached skill level 16 in Conjurations
 32517 | Spider:1 | Noticed Louise
 32553 | Spider:1 | Reached skill level 10 in Fire Magic
 32626 | Spider:1 | Killed Louise
 33436 | D:11     | Offered knowledge of Conjure Ball Lightning by Vehumet.
 33881 | Spider:1 | Reached skill level 5 in Shields
 34472 | Spider:2 | Noticed Nikola
 34480 | Spider:2 | Killed Nikola
 35698 | Spider:3 | Reached ****** piety under Vehumet
 35698 | Spider:3 | Offered knowledge of Bolt of Cold by Vehumet.
 35700 | Spider:3 | Reached XP level 18. HP: 102/158 MP: 18/33
 36457 | Spider:4 | Entered Level 4 of the Spider Nest
 38028 | Spider:4 | Offered knowledge of Freezing Cloud by Vehumet.
 38043 | Spider:4 | Reached skill level 17 in Conjurations
 39150 | Spider:4 | Got a gossamer rune of Zot
 39586 | D:5      | Found Iplyam's Assorted Antiques.
 39594 | D:5      | Bought a potion of heal wounds for 130 gold pieces
 40479 | Shoals:1 | Entered Level 1 of the Shoals
 40536 | Shoals:1 | Upgraded the game from 0.20-a0-700-gbd4582c to 0.20-a0-710-g71b569a
 40871 | Shoals:1 | HP: 5/159 [merfolk impaler/trident of flaming (7)]
 40977 | Shoals:1 | Found a frozen archway.
 40987 | IceCv    | Entered an ice cave
 41281 | IceCv    | Offered knowledge of Glaciate by Vehumet.
 41281 | IceCv    | Offered knowledge of Chain Lightning by Vehumet.
 41281 | IceCv    | Offered knowledge of Ignition by Vehumet.
 41793 | Shoals:1 | Reached XP level 19. HP: 134/168 MP: 24/35
 42476 | Vaults:1 | Entered Level 1 of the Vaults
 43910 | Vaults:1 | Found an ancient bone altar of Kikubaaqudgha.
 45561 | Vaults:2 | Reached skill level 15 in Spellcasting
 45750 | Vaults:2 | Found Ququyt's Book Emporium.
 45767 | Vaults:2 | Learned a level 8 spell: Ignition
 45825 | Vaults:2 | Reached XP level 20. HP: 98/175 MP: 16/39
 46281 | Vaults:2 | Found a staircase to the Crypt.
 46287 | Vaults:2 | Found Jiag's Distillery.
 46392 | Vaults:2 | Bought 2 potions of curing for 96 gold pieces
 46392 | Vaults:2 | Bought a potion of heal wounds for 80 gold pieces
 46392 | Vaults:2 | Bought a potion of heal wounds for 80 gold pieces
 46392 | Vaults:2 | Bought a potion of cancellation for 128 gold pieces
 46703 | Vaults:2 | Found Iziuwum's General Store.
 46930 | Vaults:2 | Found Gyen's Weapon Shop.
 46946 | Vaults:2 | Found Noeckudgh's Weapon Boutique.
 49006 | Vaults:3 | Found Kewainy's Armour Boutique.
 49878 | Vaults:3 | Learned a level 3 spell: Regeneration
 49950 | Vaults:3 | Found Sita's Magic Scroll Shop.
 50154 | Vaults:3 | Found Tokei's Assorted Antiques.
 50254 | Vaults:3 | Reached skill level 5 in Stealth
 50254 | Vaults:3 | Reached skill level 15 in Fire Magic
 50417 | Vaults:3 | Reached skill level 1 in Necromancy
 50506 | Vaults:2 | Reached XP level 21. HP: 182/182 MP: 31/41
 50788 | Vaults:3 | Reached skill level 10 in Fighting
 51424 | Vaults:3 | Found Mieky's Gadget Shoppe.
 51518 | Vaults:3 | Bought a scroll of fear for 42 gold pieces
 51518 | Vaults:3 | Bought a scroll of teleportation for 36 gold pieces
 51518 | Vaults:3 | Bought a scroll of enchant armour for 90 gold pieces
 51714 | Vaults:3 | Found Qegaasiv's Food Shoppe.
 51809 | Vaults:2 | Bought a book of Minor Magic for 320 gold pieces
 51812 | Vaults:2 | Learned a level 2 spell: Blink
 51814 | Vaults:2 | Learned a level 1 spell: Magic Dart
 52114 | Vaults:4 | Found Pitur's Food Shop.
 52294 | Vaults:4 | Noticed Donald
 52299 | Vaults:4 | Killed Donald
 52897 | Vaults:4 | Found Edeistido's Gadget Emporium.
 52990 | Vaults:4 | Found Xunwud's Assorted Antiques.
 52998 | Vaults:4 | Bought a scroll of teleportation for 114 gold pieces
 52998 | Vaults:4 | Bought the ring of the Mage {Wiz MR++ Int+3} for 1964 gold pieces
 52998 | Vaults:4 | Bought a potion of curing for 114 gold pieces
 53031 | Vaults:4 | Found Etetoi's Weapon Shop.
 53598 | Vaults:4 | Found Nooconko's Weapon Shop.
 53778 | Vaults:4 | Reached skill level 10 in Stealth
 54750 | Shoals:1 | Reached XP level 22. HP: 196/196 MP: 18/42
 54762 | Shoals:1 | Noticed Aizul
 54764 | Shoals:1 | Killed Aizul
 56104 | Shoals:2 | Found Kist's Antique Weapon Emporium.
 57437 | Shoals:4 | Entered Level 4 of the Shoals
 57560 | Shoals:4 | Noticed Ilsuiw
 57568 | Shoals:4 | Killed Ilsuiw
 57844 | Shoals:4 | Reached skill level 1 in Translocations
 58140 | Shoals:4 | Noticed Polyphemus
 58144 | Shoals:4 | Killed Polyphemus
 58682 | Shoals:4 | Got a barnacled rune of Zot
 59235 | Shoals:4 | Got a smoking gossamer ring
 59513 | Shoals:4 | Identified the cursed ring "Pigymn" {Str+7 Int-2} (You took it off a merfolk javelineer on level 4 of the Shoals)
 59532 | Shoals:4 | Reached skill level 10 in Dodging
 59933 | Elf:1    | Entered Level 1 of the Elven Halls
 59959 | Elf:1    | Found a radiant altar of Vehumet.
 60073 | Elf:1    | Noticed Asterion
 60083 | Elf:1    | Killed Asterion
 60104 | Elf:1    | Reached XP level 23. HP: 197/210 MP: 4/43
 60752 | Elf:1    | Found a radiant altar of Vehumet.
 61169 | Elf:3    | Entered Level 3 of the Elven Halls
 61632 | Elf:3    | Found Xiatam's Armour Shoppe.
 61635 | Elf:3    | Bought a +0 naga barding for 345 gold pieces
 62840 | Elf:3    | Reached skill level 5 in Armour
 62853 | Elf:3    | Identified the Guide on Talismans
 62864 | Elf:3    | Learned a level 1 spell: Apportation
 62938 | Elf:3    | Noticed Mara
 62942 | Elf:3    | Killed Mara
 62962 | Elf:3    | Identified the Grimoire of Beguiling and Shape Shifting
 62973 | Elf:3    | Identified the Incunabulum of Fetching Summoning
 63232 | Elf:3    | Got a ring of the Octopus King
 63239 | Elf:3    | Identified the Grimoire of the Igneous Oath
 63254 | Elf:3    | Identified a ring of the Octopus King {rN+ AC+1 EV+1 Str+1 Int+1 Dex+1} (You took it off a deep elf master archer on level 3 of the Elven Halls)
 63828 | Vaults:4 | Bought a scroll of amnesia for 133 gold pieces
 63828 | Vaults:4 | Bought a potion of mutation for 304 gold pieces
 64113 | Depths:1 | Entered Level 1 of the Depths
 64242 | D:15     | Learned a level 6 spell: Deflect Missiles
 64272 | Depths:1 | Reached XP level 24. HP: 198/222 MP: 12/43
 64442 | Depths:1 | Found a one-way gate leading to the halls of Pandemonium.
 64577 | Depths:1 | Found a gateway to a ziggurat.
 65282 | Depths:1 | Reached skill level 5 in Air Magic
 65653 | Depths:1 | Found a gateway to Hell.
 66761 | Depths:2 | Reached skill level 1 in Polearms
 67366 | D:15     | Reached skill level 5 in Polearms
 67570 | Orc:2    | Bought a scroll of enchant weapon for 112 gold pieces
 67613 | Orc:1    | Bought a scroll of brand weapon for 300 gold pieces
 67613 | Orc:1    | Bought a scroll of recharging for 142 gold pieces
 67613 | Orc:1    | Bought a scroll of recharging for 142 gold pieces
 68989 | Depths:2 | Reached XP level 25. HP: 231/231 MP: 25/44
 69386 | Depths:2 | Reached skill level 15 in Fighting
 69637 | Depths:2 | Reached skill level 10 in Polearms
 69959 | Depths:2 | Noticed Bai Suzhen
 69969 | Depths:2 | Killed Bai Suzhen
 70445 | Depths:3 | Reached skill level 10 in Shields
 72042 | Depths:3 | Noticed Margery
 72044 | Depths:3 | Killed Margery
 73314 | Depths:3 | Reached XP level 26. HP: 135/242 MP: 7/44
 73644 | Depths:3 | Noticed an ancient lich
 73649 | Depths:3 | Noticed an ancient lich
 73650 | Depths:3 | Killed an ancient lich
 73653 | Depths:3 | Killed an ancient lich
 74831 | Depths:4 | Upgraded the game from 0.20-a0-710-g71b569a to 0.20-a0-738-gb057e68
 75709 | Depths:4 | Found a one-way gate to the infinite horrors of the Abyss.
 76417 | Depths:4 | Found a glowing silver altar of Zin.
 77533 | Depths:5 | Entered Level 5 of the Depths
 77547 | Depths:5 | Noticed Jorgrun
 77551 | Depths:5 | Killed Jorgrun
 78441 | Depths:5 | Reached skill level 10 in Armour
 78441 | Depths:5 | Reached XP level 27. HP: 252/252 MP: 31/44
 78871 | Depths:5 | Found a shadowy altar of Dithmenos.
 78878 | Depths:5 | Identified a scroll of acquirement
 79286 | Depths:5 | Reached skill level 15 in Shields
 79888 | Depths:5 | Got a faintly humming helmet
 79889 | Depths:5 | Identified the -5 helmet of Jefoch {Str+4} (You acquired it on level 5 of the Depths)
 80879 | Depths:5 | Found a gate to the Realm of Zot.
 81640 | Orc:2    | Bought a +5 amulet of reflection for 659 gold pieces
 81897 | Slime:1  | Entered Level 1 of the Pits of Slime
 82364 | Slime:5  | Entered Level 5 of the Pits of Slime
 82416 | Slime:5  | Noticed the Royal Jelly
 82775 | Slime:5  | Gained mutation: You are clumsy. (Dex -2) [a shining eye]
 82890 | Slime:5  | Gained mutation: You tend to lose your temper in combat. [a shining eye]
 83153 | Slime:5  | Killed the Royal Jelly
 83327 | Slime:5  | Got a slimy rune of Zot
 84081 | Vaults:5 | Entered Level 5 of the Vaults
 84576 | Vaults:4 | Lost mutation: You are clumsy. (Dex -2) [potion of mutation]
 84576 | Vaults:4 | Lost mutation: You tend to lose your temper in combat. [potion of mutation]
 84576 | Vaults:4 | Gained mutation: You have a pair of small horns on your head. [potion of mutation]
 84576 | Vaults:4 | Gained mutation: Your tail ends in a poisonous barb. [potion of mutation]
 84576 | Vaults:4 | Gained mutation: Your mind is acute. (Int +2) [potion of mutation]
 85911 | Vaults:5 | Identified the Disquisition on the Helpful Snowflakes
 85958 | Vaults:5 | Learned a level 2 spell: Sublimation of Blood
 86489 | Vaults:5 | Got a silver rune of Zot
 86501 | Vaults:5 | Learned a level 3 spell: Ozocubu's Armour
 87226 | Depths:5 | Reached skill level 5 in Necromancy
 87260 | Depths:5 | Voluntarily entered the Abyss.
 87536 | Abyss:3  | Found a corrupted altar of Lugonu.
 87541 | Abyss:3  | Got an abyssal rune of Zot
 87557 | Depths:5 | Escaped the Abyss
 87817 | Zot:1    | Entered Level 1 of the Realm of Zot
 89202 | Zot:3    | Noticed an orb of fire
 89209 | Zot:3    | Killed an orb of fire
 89209 | Zot:3    | Reached skill level 10 in Earth Magic
 89216 | Zot:3    | Got an ancient helmet
 89217 | Zot:3    | Identified the +2 helmet of Awe {rCorr MP+9} (You found it on level 3 of the Realm of Zot)
 89317 | Zot:4    | Reached skill level 18 in Conjurations
 89430 | Zot:5    | Entered Level 5 of the Realm of Zot
 90857 | Zot:5    | Noticed an ancient lich
 90860 | Zot:5    | Killed an ancient lich
 91434 | Zot:5    | Noticed an orb of fire
 91526 | Zot:5    | Noticed an orb of fire
 91528 | Zot:5    | Killed an orb of fire
 91528 | Zot:5    | Reached skill level 19 in Conjurations
 91682 | Zot:5    | Noticed an orb of fire
 91815 | Zot:5    | Noticed an orb of fire
 91837 | Zot:5    | Killed an orb of fire
 91845 | Zot:5    | Gained mutation: You tend to lose your temper in combat. [an orb of fire]
 91847 | Zot:5    | Killed an orb of fire
 91859 | Zot:5    | Noticed an ancient lich
 91930 | Zot:5    | Noticed an ancient lich
 91934 | Zot:5    | Killed an ancient lich
 92091 | Zot:5    | Killed an ancient lich
 92413 | Zot:5    | Noticed an orb of fire
 92423 | Zot:5    | Killed an orb of fire
 92426 | Zot:5    | Reached skill level 20 in Conjurations
 92627 | Zot:5    | Killed an orb of fire
 92693 | Zot:5    | Noticed an orb of fire
 92693 | Zot:5    | Noticed an orb of fire
 92701 | Zot:5    | Killed an orb of fire
 92717 | Zot:5    | Killed an orb of fire
 92833 | Zot:5    | Noticed an orb of fire
 92836 | Zot:5    | Killed an orb of fire
 92883 | Zot:5    | Got the Orb of Zot
 92901 | Zot:5    | Noticed Eprukij the pandemonium lord
 92953 | Zot:5    | Noticed a seraph
 93008 | Zot:2    | Noticed Olaorat the pandemonium lord
 93187 | Depths:1 | Reached skill level 21 in Conjurations
 93347 | D:11     | Noticed Leawozem the pandemonium lord
 93352 | D:11     | Killed Leawozem the pandemonium lord
 93381 | D:11     | Noticed a seraph
 93626 | D:$      | Escaped with the Orb!

Vault maps used:
D:1:      mrwooster_arrival_statue_2, serial_glass, glass_columns_a,
          glass_columns_a
D:3:      chequers_temple_overflow_minitemple, serial_glass, glass_columns_c,
          glass_columns_a, uniq_crazy_yiuf_cottage
D:4:      portal_sewer_entry_b, uniq_grinder, uniq_natasha
D:5:      lemuel_ice_spiral_2, first_bread, serial_shops, shop, okawaru_trees_1
D:6:      minmay_temple_entry_statues_pillars, nicolae_ru_sacrificial_ziggurat
D:7:      overflow_temple_1_default
D:8:      gammafunk_temple_overflow_claw, dpeg_oklobed_lair, the_bakery
D:9:      amethyst_overflow_temple_binary, kennysheep_generic_room_16
D:10:     minmay_orc_entry_temple_small, uniq_erolcha
D:11:     fort_yaktaur, serial_shops, shop, uniq_harold
D:13:     uniq_josephine
D:14:     grunt_vaults_entry_fortified, basic_altar, minmay_hedge_maze,
          uniq_agnes
D:15:     grunt_enter_depths_snipers, basic_altar,
          hangedman_decor_diamond_cutter, minmay_fountain_box
Temple:   dshaligram_water_room_temple
Lair:1:   beast_lair_carwin_large_3, grunt_megastairs_5, lemuel_fruit_fields,
          uniq_nergalle
Lair:2:   minmay_shoals_entry_hut, spider_nest_entry_web_field, uniq_sonja,
          uniq_prince_ribbit2
Lair:4:   nicolae_lair_grove_arrangements
Lair:5:   lemuel_centaur_altar, grunt_megastairs_4
Lair:6:   wormcave, guppyfry_lair_end_dragon, minmay_slime_entry_pillars
Shoals:1: portal_ice_cave_entry_pillars_three, nicolae_shoals_seven_spires,
          uniq_aizul
Shoals:2: serial_shops, shop
Shoals:4: shoals_end_simple, shoals_ilsuiw_ice, uniq_polyphemus
Spider:1: nicolae_spider_corner, uniq_louise
Spider:2: uniq_nikola
Spider:3: spider_trap, nicolae_spider_cling_halls
Spider:4: guppyfry_spider_rune
Slime:4:  nicolae_slime_jelly_donut
Orc:1:    serial_shops, nicolae_shop_statue_plus, shop, nicolae_shop_waterfront,
          uniq_gastronok
Orc:2:    grunt_orc_cross, uniq_snorg
Elf:1:    eino_elf_arrival_altar, basic_altar, serial_sigils,
          serial_sigils_hangedman_etch, serial_sigils_hangedman_snap,
          serial_sigils_hangedman_confine, serial_sigils_hangedman_gut,
          serial_sigils_hangedman_snap, serial_sigils_hangedman_gut,
          minivault_28, minmay_misc_feat_diagonals, st_stairs_9, uniq_asterion
Elf:3:    elf_hall_gauntlet_wide, serial_shops, shop, uniq_mara
Vaults:1: v_pattern_5, vaults_room_guarded_vault, nicolae_vaults_ninety_degrees,
          v_misc_17, vaults_standard_mumra_enter_the_diamond,
          ontoclasm_vaults_ring_square, grunt_vaults_funnel, v_rooms_4,
          nicolae_vaults_triangles, nicolae_vaults_specimen_jars,
          nicolae_vaults_little_squares_1, basic_altar
Vaults:2: vaults_room_door_ring, nicolae_vaults_three_branches,
          vaults_mumra_chevron_long, vaults_room_pool,
          hangedman_vaults_capsules, v_misc_16, v_alt_pattern_6,
          minmay_crypt_entry_simple_box, vaults_dpeg_diagonal,
          dpeg_vaults_monster_box, serial_shops, shop, shop_statue, shop, shop,
          nicolae_shop_stone
Vaults:3: ontoclasm_vaults_eye, hangedman_vaults_stagger,
          hangedman_vaults_nodes, ontoclasm_vaults_bender,
          nicolae_vaults_little_squares_3, v_pattern_2, vaults_mumra_minichess,
          v_misc_14, serial_shops, shop, shop_statue, nicolae_shop_waterfront,
          shop_coins, shop
Vaults:4: vaults_room_fancy_cross, hangedman_vaults_stitches, st_more_cells,
          vaults_mumra_hex, hangedman_vaults_locks,
          nicolae_vaults_network_quinsquares,
          nicolae_vaults_windows_and_doors_thing, ontoclasm_vaults_spin,
          nicolae_vaults_little_squares_1, serial_shops, shop, shop,
          nicolae_shop_stone, nicolae_shop_stone, shop, uniq_donald
Vaults:5: serial_shops
Depths:1: enter_ziggurat_a, hellmouth_1, pan_entry,
          serial_sigils_hangedman_carve, kennysheep_generic_room_7,
          serial_bayou_shore_b
Depths:2: hangedman_grunt_twisty_little_passages, serial_sigils_hangedman_shear,
          pan_entry, hell_entry, uniq_bai_suzhen
Depths:3: hangedman_pleasuredromes, hell_entry, pan_entry, uniq_margery
Depths:4: evilmike_silver_temple, hangedman_decor_clover_reticule,
          grunt_pan_entry_sceptre, abyss_entry, hell_entry,
          serial_bayou_shore_a, minmay_staircase_statues
Depths:5: lemuel_castle_with_subvaults, abyss_entry, lemuel_round_altar,
          rand_demon_pan_entry_7, grunt_hell_entry_dis_old, uniq_jorgrun
Zot:2:    grunt_twist_and_shout
Zot:4:    lemuel_firehouse, hangedman_zot_decor_checkerboard,
          grunt_ministairs_13, st_stairs_8
Zot:5:    hangedman_zot_diagonal_lockstep
Abyss:3:  evilmike_abyss_exit_5, evilmike_abyss_exit_smiterflies,
          evilmike_abyss_rune_elephants_shrine, patterned_corridor
Sewer:    sewer_the_crocodile
IceCv:    ice_cave_statue_garden_chambered

Skill      XL: |  1  2  3  4  5  6  7  8  9 10 11 12 13 14 15 16 17 18 19 20 21 22 23 24 25 26 27 |
---------------+----------------------------------------------------------------------------------+-----
Conjurations   | 2 3 4 5 7 8 9 10 12 14 15 16 17 21 | 21.2
Poison Magic   | 5 6 7 8 9 11 12 13 | 13.1
Spellcasting   | 3 4 5 6 7 8 9 11 12 15 16 17 20 | 20.6
Air Magic      | 2 4 5 7 |  7.8
Earth Magic    | 2 4 5 6 8 11 | 11.1
Fighting       | 1 4 5 6 7 8 9 11 13 14 15 16 20 | 20.8
Dodging        | 2 3 4 5 6 8 10 11 13 | 13.5
Charms         | 4 5 7 9 |  9.1
Shields        | 1 3 7 9 12 14 15 | 15.0
Fire Magic     | 3 6 7 8 9 10 12 15 16 17 | 17.5
Armour         | 3 4 6 8 10 11 | 11.8
Evocations     | 2 4 |  4.3
Stealth        | 5 11 13 14 | 14.6
Necromancy     | 1 2 9 |  9.6
Translocations | 3 4 |  4.5
Polearms       | 9 12 | 12.6

Action                   |  1- 3 |  4- 6 |  7- 9 | 10-12 | 13-15 | 16-18 | 19-21 | 22-24 | 25-27 || total
-------------------------+-------+-------+-------+-------+-------+-------+-------+-------+-------++-------
Melee: Dagger            |    70 |    54 |   242 |   294 |   253 |   777 |    71 |       |       ||  1761
       Short sword       |       |   152 |   170 |       |       |       |       |       |       ||   322
       Quarterstaff      |       |       |    60 |    75 |       |       |       |       |       ||   135
       Constrict         |       |       |       |       |    52 |   137 |    23 |    26 |    77 ||   315
       Staff             |       |       |       |       |       |     1 |    45 |    57 |    25 ||   128
       Demon trident     |       |       |       |       |       |       |       |    41 |   566 ||   607
       Headbutt          |       |       |       |       |       |       |       |       |    60 ||    60
       Tailslap          |       |       |       |       |       |       |       |       |    42 ||    42
Throw: Stone             |     1 |       |       |       |       |       |       |       |       ||     1
       Throwing net      |       |       |       |       |     1 |       |     2 |     3 |       ||     6
 Cast: Sting             |    53 |    61 |   102 |   193 |   117 |    38 |       |       |       ||   564
       Poisonous Vapours |     1 |    16 |    40 |    63 |     4 |       |       |       |       ||   124
       Mephitic Cloud    |       |     5 |    18 |    18 |    16 |    27 |       |     1 |     1 ||    86
       Sandblast         |       |       |    19 |       |       |       |       |       |       ||    19
       Venom Bolt        |       |       |       |    31 |   108 |   217 |   349 |   221 |    72 ||   998
       Iskenderun's Batt |       |       |       |    30 |    25 |     7 |     1 |     1 |     5 ||    69
       Olgreb's Toxic Ra |       |       |       |     6 |    45 |    66 |     8 |       |       ||   125
       Bolt of Magma     |       |       |       |     6 |    33 |       |       |       |       ||    39
       Iron Shot         |       |       |       |       |    13 |    79 |    28 |   107 |   354 ||   581
       Orb of Destructio |       |       |       |       |     3 |    10 |     5 |    32 |    84 ||   134
       Bolt of Fire      |       |       |       |       |       |   143 |   146 |   162 |   494 ||   945
       Ignition          |       |       |       |       |       |       |    34 |   104 |   173 ||   311
       Regeneration      |       |       |       |       |       |       |     3 |    13 |    36 ||    52
       Magic Dart        |       |       |       |       |       |       |     3 |     6 |     7 ||    16
       Deflect Missiles  |       |       |       |       |       |       |       |     3 |    18 ||    21
       Blink             |       |       |       |       |       |       |       |     1 |     9 ||    10
       Apportation       |       |       |       |       |       |       |       |     1 |     7 ||     8
       Sublimation of Bl |       |       |       |       |       |       |       |       |    55 ||    55
       Ozocubu's Armour  |       |       |       |       |       |       |       |       |     8 ||     8
Evoke: Wand              |       |     1 |       |     5 |    17 |    23 |     4 |    16 |     8 ||    74
       Phantom mirror    |       |       |       |       |       |       |     1 |     1 |       ||     2
       Sack of spiders   |       |       |       |       |       |       |       |       |     5 ||     5
       Phial of floods   |       |       |       |       |       |       |       |       |     2 ||     2
       Fan of gales      |       |       |       |       |       |       |       |       |     1 ||     1
  Use: Scroll            |       |     7 |     4 |    12 |    17 |    27 |     9 |    16 |    42 ||   134
       Potion            |       |     1 |     7 |     3 |     4 |    13 |       |       |    20 ||    48
 Stab: Sleeping          |     1 |     4 |     2 |     3 |       |     1 |       |     1 |       ||    12
       Distracted        |       |     1 |       |       |       |     1 |       |     1 |     5 ||     8
       Confused          |       |     3 |     5 |     8 |       |       |       |       |       ||    16
       Paralysed         |       |       |     2 |     5 |       |       |       |       |       ||     7
       Petrified         |       |       |     2 |       |       |       |       |       |       ||     2
  Eat: Chunk             |     3 |     8 |     5 |    23 |    32 |    52 |   121 |   125 |   125 ||   494
       Bread ration      |       |     1 |     2 |     2 |     4 |    13 |       |       |    11 ||    33
       Fruit             |       |       |     1 |     3 |     5 |    14 |       |       |     1 ||    24
       Royal jelly       |       |       |     1 |     2 |     5 |     6 |       |       |     8 ||    22
       Meat ration       |       |       |       |       |       |     6 |       |       |       ||     6
Armor: Robe              |     9 |    45 |   209 |   139 |       |   297 |   100 |   104 |   179 ||  1082
       Troll leather arm |       |       |       |    75 |   139 |   545 |       |       |       ||   759
       Skin              |       |       |       |       |     8 |       |       |       |       ||     8
Dodge: Dodged            |    44 |   106 |   301 |   229 |   195 |   764 |   145 |   134 |   320 ||  2238
       Deflected         |       |       |       |       |       |       |       |     7 |   103 ||   110
Block: Buckler           |       |       |       |     8 |    90 |   192 |       |       |       ||   290
       Shield            |       |       |       |       |       |   304 |   155 |   149 |    96 ||   704
       Reflection        |       |       |       |       |       |       |     8 |    21 |    38 ||    67
       Large shield      |       |       |       |       |       |       |       |       |   698 ||   698
